 Dungeon Crawl Stone Soup version 0.26.0-15-gc6cd9f700b (webtiles) character file.

Game seed: 18416209240648810667

22 lastplaneout the Vexing (level 2, 0/24 HPs)
             Began as an Ogre Enchanter on Jan 17, 2021.
             Succumbed to a kobold's poison
             ... on level 1 of the Dungeon.
             The game lasted 00:02:06 (723 turns).

lastplaneout the Vexing (Ogre Enchanter)             Turns: 723, Time: 00:02:07

Health: 0/24       AC:  3    Str: 11    XL:     2   Next: 91%
Magic:  4/5        EV: 10    Int: 16    God:
Gold:   21         SH:  0    Dex:  9    Spells: 4/5 levels left

rFire    . . .     SeeInvis .   a - +1 dagger
rCold    . . .     Faith    .   (no shield)
rNeg     . . .     Spirit   .   b - +0 robe
rPois    .         Reflect  .   (helmet restricted)
rElec    .         Harm     .   (no cloak)
rCorr    .         Rampage  .   (gloves unavailable)
Will     .....                  (boots unavailable)
Stlth    ++........             (no amulet)
HPRegen  0.08/turn              (no ring)
MPRegen  0.09/turn              (no ring)

@: lethally poisoned (0 -> -47)
A: large, unfitting armour, tough skin 1
a: no special abilities


You were on level 1 of the Dungeon.
You visited 1 branch of the dungeon, and saw 1 of its levels.

You collected 21 gold pieces.

Inventory:

Hand Weapons
 a - a +1 dagger (weapon)
Armour
 b - a +0 robe (worn)
Scrolls
 e - a scroll of amnesia {unknown}
 f - a scroll of remove curse {unknown}
 g - a scroll of enchant weapon {unknown}
Potions
 c - a potion of might {unknown}
 d - a potion of curing {unknown}
 h - a potion of berserk rage {unknown}


   Skills:
 + Level 1.4 Short Blades
 - Level 1.7 Dodging
 - Level 2.1 Stealth
 - Level 2.4 Spellcasting
 + Level 3.4 Hexes


You had 4 spell levels left.
You knew the following spells:

 Your Spells              Type           Power        Failure   Level
a - Corona                Hex            13%          4%          1

Your spell library contained the following spells:

 Spells                   Type           Power        Failure   Level
 Confusing Touch          Hex            12%          14%         3
 Tukima's Dance           Hex            12%          14%         3
 Ensorcelled Hibernation  Hex/Ice        14%          16%         2
 Dazzling Flash           Conj/Hex       14%          30%         3


Dungeon Overview and Level Annotations

Branches:
Dungeon (1/15)

Altars:


Innate Abilities, Weirdness & Mutations

You are too large for most types of armour.
You have tough skin. (AC +1)


Message History

Press: ? - help, Shift-Dir - straight line, f - kobold
Aim: a kobold, wielding a +2 dagger of venom (chance to affect: 66%)
The kobold is outlined in light.
The kobold hits you with a +2 dagger of venom.
You are poisoned.
You barely miss the kobold.
You feel sick.
You completely miss the kobold.
You feel sick.
The kobold hits you with a +2 dagger of venom.
You are lethally poisoned!
You hit the kobold but do no damage.
You feel sick.
The kobold hits you with a +2 dagger of venom.
You are more poisoned.
You barely miss the kobold.
* * * LOW HITPOINT WARNING * * *
You feel sick.
The kobold hits you with a +2 dagger of venom.
* * * LOW HITPOINT WARNING * * *
You are more poisoned.
You closely miss the kobold.
You die...

#(.....#.......##
#........#.#.#.#
#......#.......#
########.#.#.#.#
#.......#
###.###.# #.....#
#........ #####.#
#........ #@#
#....$...
#K###........
#r##.........
#.#..........
#.#(#).......
#.((g........
###.rK.......
###........
#........


You could see a kobold (corona) and a rat.

Vanquished Creatures
  2 dart slugs (D:1)
  A giant cockroach (D:1)
  2 goblins (D:1)
  2 hobgoblins (D:1)
  2 ball pythons (D:1)
  3 bats (D:1)
  2 frilled lizards (D:1)
  4 kobolds (D:1)
18 creatures vanquished.

Notes
Turn   | Place    | Note
-------+----------+-------------------------------------------
     0 | D:1      | lastplaneout the Ogre Enchanter began the quest for the
                  | Orb.
     0 | D:1      | Reached XP level 1. HP: 16/16 MP: 3/3
    52 | D:1      | Reached skill level 1 in Short Blades
   109 | D:1      | Reached skill level 3 in Hexes
   281 | D:1      | Reached XP level 2. HP: 21/24 MP: 3/5
   723 | D:1      | Succumbed to a kobold's poison

Illustrated notes

Levels and vault maps discovered:
D:1:      minmay_arrival_up_and_down, layout_basic, serial_glass,
          glass_columns_b, glass_columns_a, feat_on_display

Skill      XL: |  1 |
---------------+----+-----
Short Blades   | 1 |  1.4
Hexes          | 3 |  3.4
Dodging        | |  1.7
Stealth        | |  2.1
Spellcasting   | |  2.4

Action                   || total
-------------------------++-------
Melee: Dagger            ||    79
 Cast: Corona            ||    16
 Stab: Sleeping          ||     1
Armor: Robe              ||    24
Dodge: Dodged            ||    48
